Map: Bridgehead LE (Void)

Players

qxc - Winner!

  • Race: Terran Terran
  • League: Master

True

  • Race: Zerg Zerg
  • League: Grandmaster

Event: Lycan League Weekly August #2

VOD

Have the link to the VOD?

Description

Time

  • Played on: Aug. 10, 2015, 2:14 p.m.
  • Length: 12:36

All games in this series

Show
View Real Time Build Order
Export as new Build Order

qxc Terran - Winner!

Build Orders: Hellion Opening, Reaper Expand, Bio Tank 

Get SALT Encoding   

  12  0:00  SCV  
  13  0:13  SCV  
  14  0:18  Supply Depot  
  14  0:25  SCV  
  15  0:40  SCV  
  15  0:41  Barracks  
  16  0:45  Refinery  
  16  0:52  SCV  
  17  1:04  SCV  
  18  1:16  SCV  
  19  1:28  Reaper, Orbital Command  
  20  1:43  Command Center  
  21  1:54  SCV, Supply Depot  
  21  2:00  Marine  
  22  2:06  SCV  
  23  2:11  Factory  
  23  2:18  SCV  
  24  2:22  Barracks Reactor  
  24  2:35  SCV  
  25  2:39  Barracks  
  25  2:41  Barracks  
  25  2:48  SCV  
  26  2:55  Orbital Command  
  26  3:00  SCV  
  26  3:04  Hellion  
  31  3:05  Refinery  
  31  3:06  Hellion  
  31  3:13  SCV  
  31  3:15  Barracks Tech Lab  
  32  3:21  SCV  
  32  3:25  Hellion  
  32  3:26  Barracks Reactor  
  37  3:27  Hellion  
  37  3:29  SCV  
  37  3:33  Stimpack  
  38  3:35  Marine  
  38  3:36  SCV  
  41  3:41  SCV  
  41  3:49  Hellion x2  
  41  3:52  SCV  
  41  3:54  Starport  
  45  3:56  SCV  
  45  4:02  Barracks Reactor  
  46  4:06  Supply Depot  
  46  4:08  SCV x2, Marine x2  
  46  4:09  Marine  
  51  4:14  Supply Depot  
  51  4:20  SCV  
  51  4:21  SCV  
  53  4:29  Supply Depot  
  53  4:32  Marine x2, Marauder  
  53  4:33  SCV  
  53  4:34  SCV  
  53  4:35  Supply Depot  
  59  4:39  Medivac x2  
  59  4:40  Marine  
  59  4:42  Marine  
  65  4:46  SCV  
  65  4:48  Refinery  
  65  4:51  Supply Depot, SCV  
  67  4:54  Factory Tech Lab  
  67  4:58  Marine x2  
  67  4:59  Marine, Marauder  
  72  5:02  Marine  
  72  5:04  SCV  
  72  5:05  SCV  
  75  5:09  Medivac  
  77  5:18  SCV, Marine x3  
  82  5:21  SCV  
  82  5:25  Refinery  
  82  5:26  Marine  
  82  5:27  Marauder  
  85  5:29  Siege Tank  
  85  5:30  SCV  
  85  5:33  Supply Depot  
  88  5:42  Marine  
  88  5:43  Combat Shields, Marine x2  
  88  5:49  Marauder  
  91  5:57  Command Center  
  91  6:01  Siege Tank  
  94  6:07  Medivac  
  94  6:08  Marine x2  
  94  6:09  Marine x2  
  88  6:20  Medivac  
  90  6:28  Marine  
  90  6:29  Marauder, Marine  
  94  6:33  Siege Tank  
  97  6:46  Barracks x2  
  97  6:47  Engineering Bay, Marine x4  
  97  6:48  Engineering Bay  
  101  6:54  SCV  
  101  6:55  Supply Depot  
  101  6:56  Supply Depot  
  102  7:09  SCV, Marauder, Siege Tank, Marine x2  
  110  7:22  SCV  
  111  7:25  Missile Turret  
  109  7:30  SCV  
  109  7:31  Marauder  
  109  7:34  SCV  
  109  7:37  Barracks Reactor, Marine x4  
  113  7:38  Barracks Reactor, Missile Turret  
  113  7:39  Missile Turret, Orbital Command  
  113  7:42  SCV  
  118  7:46  SCV, Medivac  
  118  7:48  Medivac  
  126  7:52  Marauder  
  126  7:54  SCV  
  129  7:58  SCV  
  129  8:01  Terran Infantry Weapons Level 1, Terran Infantry Armor Level 1  
  129  8:02  Missile Turret  
  129  8:05  Marine  
  130  8:06  SCV, Siege Tank  
  130  8:08  Marine  
  133  8:16  Supply Depot  
  133  8:18  SCV  
  133  8:19  Marine  
  132  8:20  SCV  
  132  8:21  Marauder  
  132  8:25  Marine x2  
  132  8:26  SCV, Marine x2  
  132  8:32  Missile Turret  
  132  8:33  SCV  
  124  8:40  SCV, Marine  
  124  8:41  Marine  
  122  8:42  Marauder  
  122  8:46  Starport Reactor  
  122  8:47  SCV  
  122  8:48  Marine x4  
  127  8:50  SCV  
  127  8:54  Siege Tank  
  133  8:56  SCV  
  133  8:59  Supply Depot  
  133  9:00  SCV, Marine  
  133  9:02  Marine x2  
  138  9:04  Marauder  
  138  9:05  SCV  
  138  9:08  SCV  
  140  9:10  Marine  
  140  9:11  Armory  
  140  9:12  Marine x2  
  139  9:22  Supply Depot  
  139  9:25  Marine x2, Marauder  
  139  9:26  Marine  
  139  9:27  Supply Depot  
  139  9:31  Siege Tank  
  144  9:37  Medivac x2  
  148  9:43  Marine  
  149  9:48  Marine x4  
  149  9:49  Marine x2, Marauder  
  156  9:53  Supply Depot x2  
  156  9:56  Marine  
  151  10:00  Marine  
  151  10:06  Marine  
  142  10:08  Siege Tank  
  142  10:09  Marine x2  
  142  10:10  Marine, Marauder  
  141  10:14  Marine x2  
  141  10:19  Marine x2, Medivac  
  141  10:20  Medivac  
  149  10:24  Marine  
  149  10:27  Marine  
  151  10:30  Marine x2  
  151  10:31  Supply Depot, Marauder  
  151  10:32  Marine  
  151  10:33  Marine  
  153  10:36  Supply Depot  
  153  10:37  Marine  
  153  10:40  Marine  
  153  10:42  Marine  
  137  10:44  Marine  
  137  10:48  Marine x2  
  140  10:53  Marauder  
  140  10:54  Marine  
  140  10:55  Marine x2  
  130  10:58  Marine  
  130  10:59  Marine  
  130  11:02  Marine  
  130  11:06  Marine  
  131  11:11  Barracks  
  131  11:14  Marauder  
  131  11:17  Marine x2  
  132  11:19  Factory Tech Lab, Marine x4  
  126  11:36  Marauder  
  124  11:45  Marine x2  
  126  11:56  Missile Turret  
  126  11:57  Marauder  
  126  11:58  Missile Turret  
  126  12:00  Supply Depot  
  128  12:02  Siege Tank, Missile Turret  
  128  12:03  Marine x3  
  131  12:09  Marine x2  
  131  12:11  SCV x2  
  134  12:15  SCV  
  134  12:16  Marine x2  
  141  12:23  SCV  
Show
View Real Time Build Order
Export as new Build Order

True Zerg 

Build Orders: Hatch First 

Get SALT Encoding   

  12  0:01  Drone  
  13  0:12  Overlord  
  13  0:17  Drone  
  14  0:31  Drone x2  
  14  0:34  Drone  
  17  0:53  Hatchery  
  16  0:58  Drone  
  17  1:10  Spawning Pool  
  17  1:11  Drone  
  17  1:15  Drone  
  17  1:18  Drone  
  19  1:28  Overlord  
  19  1:46  Drone  
  20  1:57  Zergling x2, Queen  
  23  2:05  Queen  
  23  2:07  Drone x2  
  27  2:15  Overlord  
  27  2:16  Drone  
  28  2:23  Drone  
  28  2:27  Drone  
  29  2:32  Drone  
  29  2:33  Queen  
  32  2:37  Drone  
  32  2:41  Queen  
  35  2:46  Overlord  
  35  2:49  Drone  
  35  2:51  Extractor  
  35  2:52  Extractor  
  35  2:57  Drone  
  35  2:59  Drone  
  36  3:08  Drone x2  
  36  3:09  Drone x3  
  36  3:10  Drone  
  42  3:14  Overlord  
  42  3:15  Drone x3  
  46  3:20  Drone  
  46  3:23  Overlord  
  46  3:28  Drone  
  47  3:36  Roach Warren  
  47  3:38  Drone  
  47  3:39  Queen  
  49  3:50  Spine Crawler  
  49  3:53  Drone x2  
  49  3:54  Lair, Evolution Chamber  
  49  3:57  Drone  
  49  4:03  Drone x3  
  49  4:04  Drone x4  
  56  4:22  Roach x6  
  68  4:26  Extractor  
  68  4:27  Drone  
  68  4:29  Extractor  
  68  4:30  Spore Crawler  
  66  4:32  Spore Crawler, Drone x2  
  66  4:33  Drone  
  66  4:34  Overlord  
  66  4:37  Zerg Missile Weapons Level 1  
  68  4:43  Overlord  
  68  4:55  Glial Reconstitution  
  68  4:57  Overseer  
  68  5:15  Hatchery  
  67  5:24  Roach  
  67  5:25  Roach x7  
  67  5:26  Overlord  
  83  5:29  Overlord  
  83  5:33  Overlord x2  
  83  5:35  Overlord  
  83  5:36  Overlord  
  83  5:41  Overlord  
  83  5:43  Overlord  
  83  5:45  Roach x2  
  83  5:47  Roach  
  89  5:50  Roach  
  89  5:56  Burrow  
  86  6:16  Tunneling Claws  
  82  6:19  Drone x5  
  82  6:20  Drone x5  
  92  6:29  Roach x4  
  100  6:34  Zerg Missile Weapons Level 2  
  100  6:37  Overlord  
  100  6:46  Drone  
  101  6:47  Drone  
  101  6:48  Roach x3  
  101  6:52  Roach  
  101  6:53  Roach  
  112  6:55  Roach  
  112  6:58  Roach  
  112  7:01  Roach  
  118  7:03  Roach  
  118  7:05  Roach  
  118  7:07  Roach  
  124  7:09  Roach  
  124  7:12  Roach x2  
  124  7:14  Roach  
  132  7:16  Roach  
  132  7:18  Roach  
  132  7:21  Roach  
  133  7:32  Drone x4  
  133  7:36  Roach x5  
  147  7:38  Roach  
  147  7:41  Roach  
  151  7:44  Roach  
  151  7:48  Overlord  
  151  7:49  Overlord  
  153  7:53  Roach x18  
  153  7:54  Overlord  
  153  7:56  Roach x2  
  153  7:58  Roach  
  147  7:59  Roach  
  147  8:01  Roach  
  147  8:03  Roach  
  147  8:04  Roach x11  
  153  8:08  Overlord  
  153  8:09  Overlord  
  153  8:11  Roach x8  
  155  8:15  Roach  
  155  8:16  Roach  
  155  8:18  Roach  
  145  8:20  Roach x2  
  145  8:25  Roach x2  
  141  8:28  Roach  
  141  8:29  Roach  
  141  8:31  Roach  
  135  8:34  Roach  
  135  8:36  Roach  
  135  8:38  Roach  
  135  8:40  Roach  
  133  8:41  Roach  
  133  8:43  Roach  
  133  8:44  Roach x16  
  133  8:45  Roach x4  
  135  8:48  Roach  
  135  8:50  Roach x3  
  135  8:51  Roach  
  135  8:53  Roach  
  135  8:55  Roach x2  
  140  8:57  Roach  
  140  8:59  Roach  
  140  9:02  Roach  
  146  9:05  Roach  
  146  9:07  Roach  
  146  9:12  Roach  
  146  9:13  Roach  
  146  9:17  Roach  
  146  9:18  Roach  
  146  9:23  Roach x3  
  146  9:24  Roach  
  150  9:25  Roach  
  150  9:27  Roach  
  152  9:31  Roach  
  152  9:34  Roach  
  152  9:37  Roach  
  154  9:40  Roach  
  154  9:43  Roach  
  160  9:45  Roach  
  160  9:49  Roach  
  161  9:53  Roach  
  161  9:55  Roach  
  161  9:58  Roach  
  159  10:02  Roach  
  159  10:05  Roach  
  157  10:08  Roach  
  157  10:10  Roach  
  147  10:14  Roach x35  
  147  10:16  Roach x2  
  147  10:19  Roach  
  153  10:21  Roach  
  153  10:24  Roach  
  153  10:27  Roach  
  157  10:30  Roach  
  157  10:35  Roach  
  161  10:38  Roach  
  161  10:41  Roach  
  161  10:45  Roach  
  161  10:49  Roach  
  155  10:52  Roach  
  155  10:56  Roach  
  127  11:01  Roach  
  107  11:05  Roach  
  107  11:08  Roach  
  111  11:13  Roach  
  115  11:18  Roach  
  115  11:24  Roach  
  109  11:27  Roach  
  109  11:31  Roach  
  101  11:33  Roach  
  101  11:39  Roach x2  
  95  11:42  Roach x6  
  87  11:47  Roach x2  
  87  11:51  Roach  
  93  11:54  Roach  
  93  11:56  Roach  
  93  11:58  Roach  
  101  12:01  Roach  
  101  12:04  Roach x5  
  101  12:05  Roach  
  104  12:11  Roach  

Tags
 
Add a new tag
Caveats
  • Supply blocks, unpowered buildings, or Contaminate may cause inaccurate times.
  • Supply counts are checked every 10 seconds.